 Dungeon Crawl Stone Soup version 0.20.2-3-g29329e0561 (webtiles) character file.

766 Alfie the Shield-Bearer (level 7, -9/61 HPs)
             Began as a Minotaur Fighter on Sept 8, 2020.
             Mangled by an ogre
             ... wielding a +0 giant club
              (11 damage)
             ... on level 4 of the Dungeon.
             The game lasted 00:06:25 (2272 turns).

Alfie the Shield-Bearer (Minotaur Fighter)          Turns: 2272, Time: 00:06:26

Health: -9/61      AC:  9    Str: 23    XL:     7   Next: 52%
Magic:  6/6        EV:  9    Int:  5    God:
Gold:   129        SH: 10    Dex:  9    Spells: 6/6 levels left

rFire    . . .     SeeInvis .   a - +1 long sword
rCold    . . .     Gourm    .   c - +0 shield
rNeg     . . .     Faith    .   b - +1 scale mail
rPois    .         Spirit   .   (helmet restricted)
rElec    .         Reflect  .   h - +0 cloak
rCorr    .         Harm     .   (no gloves)
MR       .....                  (no boots)
Stlth    ..........             (no amulet)
Regen    0.2/turn               (no ring)
MPRegen  0.1/turn               (no ring)

@: no status effects
A: retaliatory headbutt, horns 2
a: no special abilities


You were on level 4 of the Dungeon.
You were not hungry.

You visited 1 branch of the dungeon, and saw 4 of its levels.

You collected 129 gold pieces.

Inventory:

Hand Weapons
 a - a +1 long sword (weapon)
Missiles
 q - 5 tomahawks (quivered)
Armour
 b - a +1 scale mail (worn)
 c - a +0 shield (worn)
 h - a +0 cloak (worn)
Jewellery
 k - an uncursed ring of protection from cold {unknown}
 l - an uncursed ring of poison resistance {unknown}
Wands
 d - a wand of iceblast (9/15)
 m - a wand of polymorph (8/24)
 r - a wand of lightning (6/15)
Scrolls
 n - a scroll of remove curse
 s - 3 scrolls of enchant weapon
Potions
 e - a potion of agility
 i - a potion of curing
 j - a potion of mutation {unknown}
 p - a potion of haste
Comestibles
 f - a bread ration
 g - 3 meat rations
 o - a royal jelly


   Skills:
 + Level 5.0 Fighting
 + Level 5.9 Long Blades
 + Level 5.4 Armour
 + Level 3.1 Dodging
 + Level 0.6 Stealth
 + Level 6.3 Shields


You had 6 spell levels left.
You didn't know any spells.

Dungeon Overview and Level Annotations

Branches:
Dungeon (4/15)
 Temple: D:4-7

Altars:
Cheibriados
Hepliaklqana
Nemelex Xobeh
Trog


Innate Abilities, Weirdness & Mutations

You reflexively headbutt those who attack you in melee.
You have a pair of horns on your head.


Message History

You closely miss the hound.
The hound is severely wounded.
You block the hound's attack. The hound bites you.
You closely miss the hound.
The ogre shouts!
Your headbutt misses the hound.
The hound is severely wounded.
The hound bites you. The hound barely misses you.
You riposte.
You slash the hound!
You kill the hound!
Your Fighting skill increases to level 5!
Your scale mail prevents you from hitting the ogre.
You headbutt the ogre!
The ogre is moderately wounded.
The ogre hits you with a giant club!!
* * * LOW HITPOINT WARNING * * *
You hit the ogre.
The ogre is moderately wounded.
The ogre hits you with a giant club!
You die...

#####..............#
.#
...##......##.####.#
.# ##.##.....###.#
#)# ##.###
#.#####...##.# #.#
#.. . #..........#.#
#.# #.#.#
#######....#.#
#.###.#.#
##.#.#.####.......#
#..#.............#
#.......@O...#...#
#.#..#.#####........#
#.#..#.... ......##.#
#.#......#####...# #
#........# #.....
#....<.#. ##....
#.........# ...##
#............
#..ยง.h......(


You could see an ogre.

Vanquished Creatures
  Pikel (D:4)
  The ghost of Alfie the Shield-Bearer, an amateur MiFi (D:4)
  A hound (D:4)
  Ijyb (D:4)
  Natasha (D:3)
  A worker ant (D:4)
  3 adders
  An ooze (D:1)
  10 orcs (D:3)
  3 giant cockroaches
  4 goblins
  5 hobgoblins
  5 jackals
  A kobold (D:3)
  2 ball pythons
  8 bats
  7 frilled lizards
  A jackal skeleton (D:4)
  3 rats (D:3)
59 creatures vanquished.

Vanquished Creatures (others)
  A leopard gecko (D:4)
1 creature vanquished.

Grand Total: 60 creatures vanquished

Notes
Turn   | Place    | Note
-------+----------+-------------------------------------------
     0 | D:1      | Alfie the Minotaur Fighter began the quest for the Orb.
     0 | D:1      | Reached XP level 1. HP: 19/19 MP: 0/0
   158 | D:1      | Found a snail-covered altar of Cheibriados.
   251 | D:1      | Reached XP level 2. HP: 26/27 MP: 1/1
   968 | D:2      | Reached skill level 4 in Shields
   968 | D:2      | Reached XP level 3. HP: 27/33 MP: 2/2
  1016 | D:2      | Found a hazy altar of Hepliaklqana.
  1442 | D:2      | Found a bloodstained altar of Trog.
  1632 | D:3      | Reached XP level 4. HP: 40/40 MP: 3/3
  1747 | D:3      | Reached skill level 1 in Dodging
  2091 | D:4      | Noticed Natasha
  2091 | D:4      | Noticed an ogre
  2091 | D:4      | Noticed Alfie's ghost (amateur MiFi)
  2100 | D:3      | Killed Natasha
  2135 | D:4      | Found a sparkling altar of Nemelex Xobeh.
  2161 | D:4      | Reached XP level 5. HP: 38/46 MP: 4/4
  2175 | D:4      | Noticed Pikel
  2175 | D:4      | Noticed a slave
  2176 | D:4      | Noticed a slave
  2176 | D:4      | Noticed a slave
  2177 | D:4      | Noticed a slave
  2195 | D:4      | Killed Pikel
  2195 | D:4      | Reached skill level 5 in Long Blades
  2195 | D:4      | Reached skill level 5 in Armour
  2195 | D:4      | Reached skill level 5 in Shields
  2195 | D:4      | Reached XP level 6. HP: 15/53 MP: 5/5
  2195 | D:4      | Reached XP level 7. HP: 17/60 MP: 6/6
  2230 | D:4      | Noticed Ijyb
  2233 | D:4      | Killed Ijyb
  2233 | D:4      | Reached skill level 6 in Shields
  2247 | D:4      | Killed Alfie's ghost
  2262 | D:4      | Reached skill level 5 in Fighting
  2271 | D:4      | HP: 2/61 [ogre/giant club (22)]
  2272 | D:4      | Mangled by an ogre

Skill      XL: |  1  2  3  4  5  6  7 |
---------------+----------------------+-----
Fighting       | 4 5 |  5.0
Shields        | 4 5 6 |  6.3
Long Blades    | 3 5 |  5.9
Armour         | 4 5 |  5.4
Dodging        | 1 2 3 |  3.1
Stealth        | |  0.6

Action                   |  1- 3 |  4- 6 |  7- 9 || total
-------------------------+-------+-------+-------++-------
Melee: Long sword        |    87 |    57 |    16 ||   160
       Headbutt          |    13 |     9 |     6 ||    28
  Use: Scroll            |     6 |       |       ||     6
       Potion            |       |     5 |       ||     5
  Eat: Bread ration      |     1 |       |       ||     1
       Fruit             |     1 |       |       ||     1
Armor: Scale mail        |    63 |    29 |       ||    92
Dodge: Dodged            |    28 |    33 |     5 ||    66
Block: Shield            |    56 |    38 |    11 ||   105
       Rpst.: Long sword |    11 |     7 |     1 ||    19
